 Dungeon Crawl Stone Soup version 0.29-a0-251-g80730f7218 (webtiles) character file.

Game seed: 15368813877269812709

271 bande the Covered (level 6, 0/38 HPs)
             Began as a Gargoyle Fighter on Mar 6, 2022.
             Slain by an ogre
             ... wielding a +0 giant spiked club
              (12 damage)
             ... on level 4 of the Dungeon.
             The game lasted 00:05:52 (3695 turns).

bande the Covered (Gargoyle Fighter)                Turns: 3695, Time: 00:05:53

Health: 0/38       AC: 17    Str: 20    XL:     6   Next: 23%
Magic:  6/6        EV:  5    Int:  8    God:
Gold:   825        SH:  4    Dex: 11    Spells: 5/5 levels left

rFire   . . .      SeeInvis .   a - +1 war axe (vamp)
rCold   . . .      Faith    .   c - +0 buckler
rNeg    + . .      Spirit   .   m - +0 plate armour
rPois   ∞          Reflect  .   (no helmet)
rElec   +          Harm     .   (no cloak)
rCorr   .          Rampage  .   (no gloves)
Will    .....                   f - +0 pair of boots
Stlth   ..........              (no amulet)
HPRegen 0.12/turn               (no ring)
MPRegen 0.10/turn               (no ring)

@: no status effects
A: sickness immunity, AC +4, negative energy resistance 1, electricity
resistance, torment resistance 1, petrification resistance, subdued magic 1
a: no special abilities


You were on level 4 of the Dungeon.
You visited 1 branch of the dungeon, and saw 4 of its levels.

You collected 825 gold pieces.

Inventory:

Hand Weapons
 a - a +1 vampiric war axe (weapon)
 i - a +0 flail
Armour
 c - a +0 buckler (worn)
 f - a +0 pair of boots (worn)
 h - a scarf of invisibility
 m - a +0 plate armour (worn)
Jewellery
 g - a ring of wizardry
Wands
 k - a wand of flame (9)
Scrolls
 b - a scroll of teleportation
 e - a scroll of magic mapping
 o - 3 scrolls of blinking
Potions
 d - a potion of might
 j - 2 potions of curing
 l - 3 potions of haste
 n - a potion of brilliance {unknown}
 q - a potion of lignification {unknown}


   Skills:
 + Level 4.1 Fighting
 + Level 4.1 Axes
 + Level 4.4 Armour
 + Level 3.8 Shields
 * Level 1.4 Evocations


You had 5 spell levels left.
You didn't know any spells.
Your spell library contained the following spells:

 Spells                   Type           Power      Damage    Failure   Level
 Scorch                   Fire           0%         2d5       100%        2
 Flame Wave               Conj/Fire      0%         2d4       100%        4
 Summon Cactus Giant      Summ           0%         N/A       100%        6
 Chain Lightning          Conj/Air       0%         N/A       100%        9
 Fire Storm               Conj/Fire      0%         5d1       100%        9
 Shatter                  Erth           0%         3d5*      100%        9


Dungeon Overview and Level Annotations

Branches:
Dungeon (4/15)
 Temple: D:4-7

Altars:


Innate Abilities, Weirdness & Mutations

You are immune to sickness and miasma.
Your stone body is resilient. (AC +4)
You are immune to poison.
You resist negative energy. (rN+)
You are resistant to electric shocks. (rElec)
You are resistant to unholy torment.
You are immune to petrification.
Your spells are a little easier to cast, but a little less powerful.


Message History

It is a scroll of brand weapon.
Your +1 war axe thirsts for the lives of mortals!
a - a +1 vampiric war axe (weapon)
As you read the scroll of magic mapping, it crumbles to dust.
You feel aware of your surroundings.
You sensed 1 shop/portal.
An ogre and an ufetubus come into view.
The ogre shouts!
The ufetubus shouts!
A rat comes into view. x2
The ufetubus hits you but does no damage.
You block the ufetubus's attack.
A rat comes into view. x2
The ufetubus hits you but does no damage. x2
A river rat comes into view.
The ufetubus hits you but does no damage. x2
The ufetubus hits you but does no damage. x3
You block the ufetubus's attack.
There is a stone staircase leading up here.
You slash the ufetubus!
You kill the ufetubus!
You block the ogre's attack.
You slash the ogre!
The ogre is heavily wounded.
The ogre hits you with a +0 giant spiked club!
You barely miss the ogre.
The ogre is heavily wounded.
The ogre barely misses you.
You hit the ogre.
You feel better.
The ogre is heavily wounded.
The ogre hits you with a +0 giant spiked club!!
Ouch! That really hurt!
You hit the ogre but do no damage.
The ogre is heavily wounded.
The ogre hits you but does no damage.
You barely miss the ogre.
The ogre is heavily wounded.
The ogre hits you but does no damage.
You slash the ogre!
The ogre is severely wounded.
The ogre hits you with a +0 giant spiked club!
You die...

**********,,,,,,,,,*
*,,,,,,,,,,*********
*,,,,,,,,,,****
****,,,,,,,,,,,,,*
,,,,,,,,,,,,,,**,***
,,,,,,**********,,,* ,,,,,,*
#####,***** ,,,,,,*
#rO.#,,,,,*
,,,,,,*******#.#@#****,*******
******,,,,,,...#<# *,,,,,,,*
*,,,,.....###**********,*
*,,......O+,,,,,,,,,,,*,*
*,,....r..#**********,*,*
*,,#≈.r.rr# *,,,* *,,#≈≈≈r..#
***** ****≈≈≈,,** *≈≈≈≈,*


You could see an ogre and a rat.

Vanquished Creatures
  A water moccasin (D:3)
  A scorpion (D:3)
  An adder (D:2)
  An ufetubus (D:4)
  A worm (D:2)
  5 dart slugs
  7 ball pythons
  8 bats
  5 endoplasms
  2 giant cockroaches
  4 goblins
  7 hobgoblins
  10 jackals (D:1)
  3 quokkas
  4 frilled lizards
  7 kobolds
  2 rats (D:1)
69 creatures vanquished.

Notes
Turn   | Place    | Note
-------+----------+-------------------------------------------
     0 | D:1      | bande the Gargoyle Fighter began the quest for the Orb.
     0 | D:1      | Reached XP level 1. HP: 14/14 MP: 1/1
   107 | D:1      | Gained mutation: Your spells are a little easier to cast,
                  | but a little less powerful. [potion of mutation]
   123 | D:1      | Reached XP level 2. HP: 17/19 MP: 2/2
   413 | D:1      | Reached XP level 3. HP: 16/23 MP: 3/3
   680 | D:1      | Noticed an eye of devastation
   681 | D:1      | Found a faded altar of an unknown god.
   682 | D:1      | Noticed a shining eye
   682 | D:1      | Noticed a shining eye
   682 | D:1      | Noticed a golden eye
  1326 | D:2      | Reached XP level 4. HP: 29/29 MP: 4/4
  2242 | D:3      | Identified a scroll of acquirement
  2242 | D:3      | Acquired 719 gold pieces
  2298 | D:3      | Noticed a scorpion
  2312 | D:3      | Killed a scorpion
  2313 | D:3      | Reached XP level 5. HP: 8/33 MP: 5/5
  3065 | D:3      | Noticed a water moccasin
  3099 | D:3      | Killed a water moccasin
  3100 | D:3      | Reached skill level 1 in Evocations
  3100 | D:3      | Reached XP level 6. HP: 17/38 MP: 6/6
  3695 | D:4      | Slain by an ogre

Illustrated notes

Levels and vault maps discovered:
D:1:      dpeg_arrival_subterranean_lakeside_camping, layout_basic,
          hellmonk_ecumenical_altar_watching_god, minmay_bisected
D:2:      layout_basic, serial_glass, glass_columns_a, glass_columns_b,
          glass_columns_a, glass_columns_c
D:3:      layout_loops_cross, st_stairs_10
D:4:      layout_basic, portal_sewer_entry_b, kennysheep_potato

Skill      XL: |  1  2  3  4  5 |
---------------+----------------+-----
Axes           | 2 3 4 |  4.1
Armour         | 4 |  4.4
Fighting       | 4 |  4.1
Evocations     | 1 |  1.4
Shields        | |  3.8

Action                   |  1- 3 |  4- 6 || total
-------------------------+-------+-------++-------
Melee: War axe           |    92 |   118 ||   210
  Use: Scroll            |     4 |    10 ||    14
       Potion            |     4 |       ||     4
Armor: Scale mail        |    74 |    37 ||   111
       Plate armour      |       |    60 ||    60
Dodge: Dodged            |    79 |    46 ||   125
Block: Buckler           |    25 |    30 ||    55

Table legend: (Time is in decaauts)
 A = Elapsed time spent in this place.
 B = Non-inter-level travel time spent in this place.
 C = Inter-level travel time spent in this place.
 D = Time resting spent in this place.
 E = Time spent auto-exploring this place.
 F = Levels seen in this place.
 G = Mean time per level.
                   A        B        C        D        E       F      G
               +--------+--------+--------+--------+--------+-----+--------+
         Total |   3791 |   3731 |     60 |    800 |   2323 |   4 |  947.8 |
       Dungeon |   3791 |   3731 |     60 |    800 |   2323 |   4 |  947.8 |
               +--------+--------+--------+--------+--------+-----+--------+

Top non-repeatable levels by time:
     D:3: 1469 daAuts
     D:1: 1213 daAuts
     D:2: 1088 daAuts
     D:4: 20 daAuts
